Capitals vs Penguins

Created - March 17, 2019 at 08:13

Goals
1 2 3 T
Capitals 1 0 3 4
Penguins 1 0 2 3
Shots
1 2 3 T
Capitals 6 9 13 28
Penguins 13 9 8 30

1st period

1. Penguins , Steven Stamkos 46 (Keith Aulie 21) at 8:57
2. Capitals , Jamie Benn 13 (Joe Pavelski 33, Ryan Getzlaf 35) at 10:15

Penalties :
Ondrej Palat (Was) for Tripping (Minor) at 0:58, Ondrej Palat (Was) for Interference (Minor) at 4:34

2nd period

No Goal

Penalties :
Keith Aulie (Pit) for Hooking (Minor) at 1:02, David Booth (Pit) for Roughing (Minor) at 6:24, David Booth (Pit) for Head-butting (Major / Game Misconduct) at 9:56, Cal Clutterbuck (Pit) for Elbowing (Minor) at 16:15

3rd period

3. Capitals , Mike Cammalleri 11 (Jason Pominville 33, Joe Thornton 50) at 11:05
4. Penguins , Dustin Brown 23 (Ryan O'Reilly 32, Keith Aulie 22) at 11:38
5. Capitals , Jamie Benn 14 (Ryan Getzlaf 36) at 13:06
6. Capitals , Ryan Getzlaf 13 (Jamie Benn 19, Victor Hedman 28) at 13:46
7. Penguins , T.J. Oshie 12 (Steven Stamkos 62, Sean Zimmerman 25) at 14:02

Penalties :
Matt Carle (Was) for Hooking (Minor) at 1:00, Martin St. Louis (Pit) for Hooking (Minor) at 19:31

Goalie Stats

Tuukka Rask (Was), 27 saves from 30 shots - (0.900), W, 32-18-2, 60:00 minutes
Jacob Markstrom (Pit), 24 saves from 28 shots - (0.857), L, 20-26-6, 60:00 minutes

Players Stats for Capitals

Player Name              G  A  P  +/- PIM S  H  SB GA TA FO     MP     PP MP  PK MP  
------------------------------------------------------------------------------------
Blake Wheeler            0  0  0   0  0   2  2  1  1  0  0/0    12:08   1:01   0:00 
Brent Burns              0  0  0   0  0   5  1  0  0  0  0/0    28:33   6:57   3:43 
Dan Girardi              0  0  0   0  0   1  2  0  0  0  0/0    12:21   0:31   0:06 
David Krejci             0  0  0   0  0   1  1  0  0  0  4/6    12:05   0:15   0:32 
Duncan Keith             0  0  0   0  0   2  0  0  1  1  0/0    28:08   6:57   3:18 
Jamie Benn               2  1  3   1  0   3  1  0  0  0  1/1    17:53   5:09   0:00 
Jarrod Maidens           0  0  0   0  0   0  0  0  0  0  0/1     3:04   0:53   0:00 
Jason Pominville         0  1  1   0  0   3  3  0  1  0  1/1    21:14   5:24   3:29 
Joe Pavelski             0  1  1   1  0   3  2  0  1  0  1/3    19:55   5:09   1:56 
Joe Thornton             0  1  1   0  0   3  2  1  0  0  15/28  25:14   5:22   3:29 
Joey Ryan                0  0  0   0  0   0  1  1  0  0  0/0    12:58   0:31   0:43 
Matt Carle               0  0  0   1  2   0  1  2  0  0  0/0    19:03   3:56   1:31 
Mike Cammalleri          1  0  1   0  0   1  0  1  0  0  0/0    16:48   5:17   0:00 
Ondrej Palat             0  0  0   0  4   0  2  0  0  0  1/1    12:28   0:33   0:32 
Ryan Getzlaf             1  2  3   1  0   2  2  0  1  0  5/13   19:55   5:09   1:56 
Scott Parse              0  0  0   0  0   0  1  2  0  0  0/0     6:32   0:00   0:00 
Victor Hedman            0  1  1   1  0   2  0  0  0  0  0/0    19:12   3:56   2:33 
Vincent Dunn             0  0  0   0  0   0  0  0  0  0  0/1     6:29   0:00   0:00 

Players Stats for Penguins

Player Name              G  A  P  +/- PIM S  H  SB GA TA FO     MP     PP MP  PK MP  
------------------------------------------------------------------------------------
Andrew Cogliano          0  0  0   1  0   2  0  0  1  0  1/2    23:16   3:19   5:40 
Cal Clutterbuck          0  0  0   0  2   4  4  0  0  0  0/0    11:30   0:00   2:40 
D.J King                 0  0  0   0  0   2  4  0  0  0  0/0    12:07   0:48   2:49 
David Booth              0  0  0   0  17  0  0  0  0  0  0/0     7:13   1:37   0:00 
Derek Joslin             0  0  0  -1  0   1  0  0  0  1  0/0    13:14   0:00   2:10 
Dustin Brown             1  0  1  -1  0   5  1  0  0  0  0/0    14:45   2:36   0:00 
Eric Gryba               0  0  0   0  0   0  3  1  0  1  0/0    20:05   2:21   4:05 
Keith Aulie              0  2  2   0  2   1  2  3  0  1  0/0    26:53   3:36   5:19 
Logan Couture            0  0  0   0  0   1  2  0  0  0  4/10   16:28   0:00   4:03 
Marcus Foligno           0  0  0  -1  0   0  1  0  0  0  0/0     8:50   0:07   0:01 
Martin St. Louis         0  0  0  -1  2   1  0  0  0  0  0/1     9:23   0:10   0:00 
Mike Komisarek           0  0  0   0  0   1  0  2  0  0  0/0    20:48   2:21   4:51 
Paul Ranger              0  0  0  -1  0   2  0  0  0  0  0/0    11:24   0:00   0:20 
Riley Sheahan            0  0  0  -1  0   0  1  0  0  0  2/2     8:36   0:10   0:00 
Ryan O'Reilly            0  1  1  -1  0   2  0  0  0  0  7/14   16:40   2:36   1:59 
Sean Zimmerman           0  1  1   0  0   3  1  0  0  2  0/0    27:38   3:36   6:03 
Steven Stamkos           1  1  2   0  0   3  1  1  0  0  12/25  24:04   3:17   5:36 
T.J. Oshie               1  0  1   1  0   2  1  1  0  0  1/1    15:37   3:11   0:00 

3 Stars

1 - Jamie Benn (Was)
2 - Ryan Getzlaf (Was)
3 - Steven Stamkos (Pit)

Power Play

Capitals - 0 on 5 Attempt(s) - 0.00%
Penguins - 0 on 3 Attempt(s) - 0.00%

Penalty Kill

Capitals - 3 on 3 Attempt(s) - 100.00% - Score 0 goal in Penalty Kill
Penguins - 5 on 5 Attempt(s) - 100.00% - Score 0 goal in Penalty Kill

Team Stat

Capitals - Hits : 21 - Faceoff Wins : 28 - Blocked Shots : 8 - Penalty Minutes : 6
Penguins - Hits : 21 - Faceoff Wins : 27 - Blocked Shots : 8 - Penalty Minutes : 23

Official

Referees : Unknown
Linesman : Unknown

Game Notes

David Booth ejected from game at 9:56 of 2nd period
David Booth from Penguins is suspended for 3 game(s)

Finance

Level 1 -- Attendance: 5835 (97.25%) -- Ticket Income $478,470
Level 2 -- Attendance: 5000 (100.00%) -- Ticket Income $225,000
Level 3 -- Attendance: 1893 (94.65%) -- Ticket Income $62,469
Level 4 -- Attendance: 3829 (95.73%) -- Ticket Income $95,725
Luxury Box -- Attendance: 960 (96.00%) -- Ticket Income $153,600
Game was played at the Igloo.
Total Attendance: 17517 (97.32%)
Total Ticket Income: $1,015,264
Other Income: $152,290
Total Income: $1,167,554

Capitals

5 vs 5 Forward 
   Center                   Left Wing                Right Wing               Time % Phy DF OF 
 1 Joe Thornton             Mike Cammalleri          Jason Pominville         40     1   2  2  
 2 Ryan Getzlaf             Jamie Benn               Joe Pavelski             30     1   2  2  
 3 David Krejci             Ondrej Palat             Blake Wheeler            20     1   2  2  
 4 Vincent Dunn             Scott Parse              Joe Thornton             10     1   2  2  

5 vs 5 Defense 
   Defense                  Defense                                           Time % Phy DF OF 
 1 Brent Burns              Duncan Keith                                      40     1   2  2  
 2 Victor Hedman            Matt Carle                                        30     1   2  2  
 3 Dan Girardi              Joey Ryan                                         20     1   2  2  
 4 Brent Burns              Duncan Keith                                      10     1   2  2  

PowerPlay Forward 
   Center                   Left Wing                Right Wing               Time % Phy DF OF 
 1 Joe Thornton             Mike Cammalleri          Jason Pominville         60     1   2  2  
 2 Ryan Getzlaf             Jamie Benn               Joe Pavelski             40     1   2  2  

PowerPlay Defense
   Defense                  Defense                                           Time % Phy DF OF 
 1 Brent Burns              Duncan Keith                                      60     1   2  2  
 2 Victor Hedman            Matt Carle                                        40     1   2  2  

Penalty Kill 4 Players Forward 
   Center                   Wing                     Time % Phy DF OF 
 1 Joe Thornton             Jason Pominville         60     1   2  2  
 2 Joe Pavelski             Ryan Getzlaf             40     1   2  2  

Penalty Kill 4 Players Defense
   Defense                  Defense                  Time % Phy DF OF 
 1 Brent Burns              Duncan Keith             60     1   2  2  
 2 Victor Hedman            Matt Carle               40     1   2  2  

Penalty Kill - 3 Players Forward 
   Forward                                           Time % Phy DF OF 
 1 Joe Thornton                                      60     1   2  2  
 2 Jason Pominville                                  40     1   2  2  

Penalty Kill - 3 Players Defense
   Defense                  Defense                  Time % Phy DF OF 
 1 Brent Burns              Duncan Keith             60     1   2  2  
 2 Victor Hedman            Matt Carle               40     1   2  2  

4 vs 4 Forward 
   Center                   Wing                     Time % Phy DF OF 
 1 Joe Thornton             Jason Pominville         60     1   2  2  
 2 Joe Pavelski             Ryan Getzlaf             40     1   2  2  

4 vs 4 Defense
   Defense                  Defense                  Time % Phy DF OF 
 1 Brent Burns              Duncan Keith             60     1   2  2  
 2 Victor Hedman            Matt Carle               40     1   2  2  

Last Minutes Offensive
   Center                   Left Wing                Right Wing               Defense                  Defense                  
   Joe Thornton             Mike Cammalleri          Jason Pominville         Brent Burns              Duncan Keith             

Last Minutes Defensive
   Center                   Left Wing                Right Wing               Defense                  Defense                  
   Joe Thornton             Mike Cammalleri          Jason Pominville         Brent Burns              Duncan Keith             

Goaltenders
Starting : Tuukka Rask              
Backup : Mike Smith               

Extra Forwards
Normal : Jarrod Maidens, Blake Wheeler, David Krejci - PP : Jarrod Maidens, Blake Wheeler - PK : David Krejci
Extra Defensemen
Normal : Dan Girardi, Joey Ryan, Victor Hedman - PP : Dan Girardi - PK : Joey Ryan, Victor Hedman
Penalty Shots
Joe Thornton, Jason Pominville, Joe Pavelski, Ryan Getzlaf, Blake Wheeler

Scratches
Mikko Koivu (Bruised Right Arm Injury)

Penguins

5 vs 5 Forward 
   Center                   Left Wing                Right Wing               Time % Phy DF OF 
 1 Steven Stamkos           Andrew Cogliano          T.J. Oshie               40     1   1  3  
 2 Ryan O'Reilly            David Booth              Dustin Brown             30     1   1  3  
 3 Logan Couture            D.J King                 Cal Clutterbuck          20     1   3  1  
 4 Riley Sheahan            Marcus Foligno           Martin St. Louis         10     1   1  3  

5 vs 5 Defense 
   Defense                  Defense                                           Time % Phy DF OF 
 1 Keith Aulie              Sean Zimmerman                                    44     1   2  2  
 2 Eric Gryba               Mike Komisarek                                    33     1   2  2  
 3 Paul Ranger              Derek Joslin                                      23     1   2  2  
 4 Keith Aulie              Sean Zimmerman                                    0      1   2  2  

PowerPlay Forward 
   Center                   Left Wing                Right Wing               Time % Phy DF OF 
 1 Steven Stamkos           Andrew Cogliano          T.J. Oshie               60     0   1  4  
 2 Ryan O'Reilly            David Booth              Dustin Brown             40     0   1  4  

PowerPlay Defense
   Defense                  Defense                                           Time % Phy DF OF 
 1 Keith Aulie              Sean Zimmerman                                    60     1   1  3  
 2 Eric Gryba               Mike Komisarek                                    40     1   1  3  

Penalty Kill 4 Players Forward 
   Center                   Wing                     Time % Phy DF OF 
 1 Steven Stamkos           Andrew Cogliano          60     1   3  1  
 2 Logan Couture            Cal Clutterbuck          40     1   3  1  

Penalty Kill 4 Players Defense
   Defense                  Defense                  Time % Phy DF OF 
 1 Keith Aulie              Sean Zimmerman           60     1   4  0  
 2 Eric Gryba               Mike Komisarek           40     1   4  0  

Penalty Kill - 3 Players Forward 
   Forward                                           Time % Phy DF OF 
 1 Steven Stamkos                                    60     1   3  1  
 2 Logan Couture                                     40     1   3  1  

Penalty Kill - 3 Players Defense
   Defense                  Defense                  Time % Phy DF OF 
 1 Keith Aulie              Sean Zimmerman           60     1   4  0  
 2 Eric Gryba               Mike Komisarek           40     1   4  0  

4 vs 4 Forward 
   Center                   Wing                     Time % Phy DF OF 
 1 Steven Stamkos           Andrew Cogliano          60     1   1  3  
 2 Ryan O'Reilly            Dustin Brown             40     1   1  3  

4 vs 4 Defense
   Defense                  Defense                  Time % Phy DF OF 
 1 Keith Aulie              Sean Zimmerman           60     1   2  2  
 2 Eric Gryba               Mike Komisarek           40     1   2  2  

Last Minutes Offensive
   Center                   Left Wing                Right Wing               Defense                  Defense                  
   Steven Stamkos           Andrew Cogliano          Martin St. Louis         Keith Aulie              Sean Zimmerman           

Last Minutes Defensive
   Center                   Left Wing                Right Wing               Defense                  Defense                  
   Logan Couture            Andrew Cogliano          Cal Clutterbuck          Keith Aulie              Sean Zimmerman           

Goaltenders
Starting : Jacob Markstrom          
Backup : Sergei Bobrovsky         

Extra Forwards
Normal : Steven Stamkos, David Booth, Logan Couture - PP : Steven Stamkos, Ryan O'Reilly - PK : Logan Couture
Extra Defensemen
Normal : Sean Zimmerman, Eric Gryba, Derek Joslin - PP : Keith Aulie - PK : Sean Zimmerman, Eric Gryba
Penalty Shots
Steven Stamkos, Ryan O'Reilly, Andrew Cogliano, Logan Couture, Dustin Brown

Scratches
Christian Ehrhoff (Suspend), Patrick Marleau (Healthy), Riley Armstrong (Healthy), Josh Tordjman (Healthy)

% Time on Ice - Capitals

Lines # - Real PCT - Wanted PCT - Time Play
Normal Forward
1 - 29% - 40% - 12:04
2 - 31% - 30% - 13:03
3 - 25% - 20% - 10:37
4 - 15% - 10% - 6:10
Normal Defense
1 - 42% - 40% - 17:25
2 - 34% - 30% - 14:22
3 - 23% - 20% - 9:38
4 - 1% - 10% - 0:29
PP Forward
1 - 55% - 60% - 6:15
2 - 45% - 40% - 5:09
PP Defense
1 - 65% - 60% - 7:28
2 - 35% - 40% - 3:56
PK Forward
1 - 68% - 60% - 4:01
2 - 32% - 40% - 1:56
PK Defense
1 - 55% - 60% - 3:18
2 - 45% - 40% - 2:39
PK3 Forward
1 - 0% - 60%
2 - 0% - 40%
PK3 Defense
1 - 0% - 60%
2 - 0% - 40%
44 Forward
1 - 0% - 60%
2 - 0% - 40%
44 Defense
1 - 0% - 60%
2 - 0% - 40%
Last Minute Offensive  - 0:00
Last Minute Defensive  - 0:45
Total
Forward - 60:00
Defense - 60:00

% Time on Ice - Penguins

Lines # - Real PCT - Wanted PCT - Time Play
Normal Forward
1 - 30% - 40% - 12:44
2 - 30% - 30% - 12:23
3 - 20% - 20% - 8:24
4 - 20% - 10% - 8:26
Normal Defense
1 - 43% - 44% - 18:06
2 - 31% - 33% - 13:07
3 - 26% - 23% - 10:44
4 - 0% - 0% - 0:00
PP Forward
1 - 54% - 60% - 3:11
2 - 46% - 40% - 2:46
PP Defense
1 - 61% - 60% - 3:36
2 - 39% - 40% - 2:21
PK Forward
1 - 69% - 60% - 7:50
2 - 31% - 40% - 3:34
PK Defense
1 - 62% - 60% - 7:05
2 - 38% - 40% - 4:19
PK3 Forward
1 - 0% - 60%
2 - 0% - 40%
PK3 Defense
1 - 0% - 60%
2 - 0% - 40%
44 Forward
1 - 0% - 60%
2 - 0% - 40%
44 Defense
1 - 0% - 60%
2 - 0% - 40%
Last Minute Offensive  - 0:42
Last Minute Defensive  - 0:00
Total
Forward - 60:00
Defense - 60:00

Play-by-Play

1st period


0:01 of 1st period - Joe Thornton wins face-off versus Steven Stamkos in neutral zone.
0:29 of 1st period - Slapshot by Sean Zimmerman.
0:29 of 1st period - Stopped by Tuukka Rask with a rebound.
0:58 of 1st period - Minor Penalty to Ondrej Palat for Tripping.
0:59 of 1st period - Joe Thornton wins face-off versus Steven Stamkos in Capitals zone.
1:10 of 1st period - Snap shot by Keith Aulie.
1:10 of 1st period - Stopped by Tuukka Rask without a rebound.
1:11 of 1st period - Steven Stamkos wins face-off versus Joe Thornton in Capitals zone.
2:03 of 1st period - Slapshot by Steven Stamkos.
2:03 of 1st period - Shot Misses the Net.
2:05 of 1st period - Snap shot by Andrew Cogliano.
2:05 of 1st period - Shot Misses the Net.
2:07 of 1st period - Snap shot by Andrew Cogliano.
2:07 of 1st period - Stopped by Tuukka Rask with a rebound.
2:09 of 1st period - Wrist shot by Andrew Cogliano.
2:09 of 1st period - Stopped by Tuukka Rask without a rebound.
2:10 of 1st period - Ryan O'Reilly wins face-off versus Joe Pavelski in Capitals zone.
2:58 of 1st period - Penalty to Ondrej Palat is over, Ondrej Palat is back on ice.
3:11 of 1st period - Snap shot by Blake Wheeler.
3:11 of 1st period - Stopped by Jacob Markstrom without a rebound.
3:12 of 1st period - David Krejci wins face-off versus Logan Couture in Penguins zone.
3:23 of 1st period - Snap shot by Ondrej Palat.
3:23 of 1st period - Shot Misses the Net.
3:25 of 1st period - Slapshot by Dan Girardi.
3:25 of 1st period - Stopped by Jacob Markstrom without a rebound.
3:26 of 1st period - Ryan O'Reilly wins face-off versus Joe Thornton in Penguins zone.
3:33 of 1st period - Snap shot by David Booth.
3:33 of 1st period - Shot Blocked by Matt Carle.
3:39 of 1st period - Slapshot by Ryan O'Reilly.
3:39 of 1st period - Shot Misses the Net.
3:41 of 1st period - Wrist shot by Mike Komisarek.
3:41 of 1st period - Shot Misses the Net.
3:43 of 1st period - Wrist shot by Dustin Brown.
3:43 of 1st period - Shot Misses the Net.
3:53 of 1st period - Eric Gryba is hit by Ryan Getzlaf and loses puck.
4:34 of 1st period - Minor Penalty to Ondrej Palat for Interference.
4:35 of 1st period - Joe Thornton wins face-off versus Steven Stamkos in Capitals zone.
5:04 of 1st period - Slapshot by Ryan O'Reilly.
5:04 of 1st period - Stopped by Tuukka Rask without a rebound.
5:05 of 1st period - Joe Pavelski wins face-off versus Ryan O'Reilly in Capitals zone.
5:10 of 1st period - Snap shot by Ryan Getzlaf.
5:10 of 1st period - Stopped by Jacob Markstrom with a rebound.
5:32 of 1st period - Mike Komisarek is hit by Jason Pominville and loses puck.
6:34 of 1st period - Penalty to Ondrej Palat is over, Ondrej Palat is back on ice.
6:48 of 1st period - Off-side.
6:49 of 1st period - Logan Couture wins face-off versus Ryan Getzlaf in neutral zone.
7:39 of 1st period - Slapshot by Jason Pominville.
7:39 of 1st period - Stopped by Jacob Markstrom without a rebound.
7:40 of 1st period - Steven Stamkos wins face-off versus Joe Thornton in Penguins zone.
8:05 of 1st period - Brent Burns is hit by D.J King and loses puck.
8:57 of 1st period - Snap shot by Steven Stamkos.
8:57 of 1st period - Goal by Steven Stamkos - Capitals : 0 - Penguins : 1.
8:58 of 1st period - Steven Stamkos wins face-off versus Ryan Getzlaf in neutral zone.
9:47 of 1st period - Brent Burns is hit by Riley Sheahan and loses puck.
10:15 of 1st period - Slapshot by Jamie Benn.
10:15 of 1st period - Goal by Jamie Benn - Capitals : 1 - Penguins : 1.
10:16 of 1st period - Steven Stamkos wins face-off versus Joe Thornton in neutral zone.
10:19 of 1st period - Wrist shot by Steven Stamkos.
10:19 of 1st period - Shot Blocked by Joe Thornton.
11:08 of 1st period - Slapshot by Cal Clutterbuck.
11:08 of 1st period - Shot Hit the Post.
11:10 of 1st period - Slapshot by Sean Zimmerman.
11:10 of 1st period - Stopped by Tuukka Rask with a rebound.
11:12 of 1st period - Wrist shot by D.J King.
11:12 of 1st period - Stopped by Tuukka Rask with a rebound.
11:14 of 1st period - Slapshot by Sean Zimmerman.
11:14 of 1st period - Stopped by Tuukka Rask without a rebound.
11:15 of 1st period - Joe Thornton wins face-off versus Logan Couture in Capitals zone.
11:30 of 1st period - Jason Pominville is hit by Logan Couture and loses puck.
11:43 of 1st period - Snap shot by Cal Clutterbuck.
11:43 of 1st period - Stopped by Tuukka Rask without a rebound.
11:44 of 1st period - T.J. Oshie wins face-off versus Ryan Getzlaf in Capitals zone.
12:24 of 1st period - Paul Ranger is hit by Ondrej Palat.
12:52 of 1st period - Derek Joslin is hit by Jamie Benn and loses puck.
13:29 of 1st period - Backhand shot by Dustin Brown.
13:29 of 1st period - Stopped by Tuukka Rask with a rebound.
13:45 of 1st period - Snap shot by Martin St. Louis.
13:45 of 1st period - Stopped by Tuukka Rask with a rebound.
14:30 of 1st period - Snap shot by Logan Couture.
14:30 of 1st period - Stopped by Tuukka Rask without a rebound.
14:31 of 1st period - Ondrej Palat wins face-off versus Ryan O'Reilly in Capitals zone.
14:36 of 1st period - Ryan O'Reilly is hit by Ondrej Palat and loses puck.
15:24 of 1st period - Ryan Getzlaf is hit by Sean Zimmerman and loses puck.
15:39 of 1st period - Slapshot by Steven Stamkos.
15:39 of 1st period - Shot Misses the Net.
16:07 of 1st period - Jamie Benn is hit by Cal Clutterbuck and loses puck.
16:39 of 1st period - Martin St. Louis is hit by Jason Pominville and loses puck.
16:54 of 1st period - Ryan O'Reilly is hit by Blake Wheeler and loses puck.
17:19 of 1st period - Scott Parse is hit by D.J King.
17:23 of 1st period - Keith Aulie is hit by Scott Parse and loses puck.
17:38 of 1st period - Mike Komisarek is hit by Dan Girardi and loses puck.
17:45 of 1st period - Wrist shot by Joe Pavelski.
17:45 of 1st period - Stopped by Jacob Markstrom with a rebound.
18:57 of 1st period - Wrist shot by Ryan O'Reilly.
18:57 of 1st period - Shot Misses the Net.
18:59 of 1st period - Wrist shot by David Booth.
18:59 of 1st period - Shot Blocked by Matt Carle.
Goals for this period are 1 for Capitals vs 1 for Penguins.
Shots for this period are 6 for Capitals vs 13 for Penguins.

2nd period


0:01 of 2nd period - Joe Thornton wins face-off versus Steven Stamkos in neutral zone.
0:04 of 2nd period - Slapshot by Brent Burns.
0:04 of 2nd period - Deflect By Sean Zimmerman.
0:04 of 2nd period - Stopped by Jacob Markstrom with a rebound.
0:06 of 2nd period - Snap shot by Brent Burns.
0:06 of 2nd period - Stopped by Jacob Markstrom with a rebound.
0:08 of 2nd period - Wrist shot by Duncan Keith.
0:08 of 2nd period - Shot Blocked by T.J. Oshie.
0:10 of 2nd period - Snap shot by Duncan Keith.
0:10 of 2nd period - Shot Misses the Net.
0:12 of 2nd period - Slapshot by Brent Burns.
0:12 of 2nd period - Stopped by Jacob Markstrom with a rebound.
0:54 of 2nd period - Snap shot by Blake Wheeler.
0:54 of 2nd period - Shot Misses the Net.
0:56 of 2nd period - Slapshot by Victor Hedman.
0:56 of 2nd period - Shot Blocked by Keith Aulie.
1:02 of 2nd period - Minor Penalty to Keith Aulie for Hooking.
1:03 of 2nd period - Steven Stamkos wins face-off versus Joe Thornton in Penguins zone.
1:12 of 2nd period - Snap shot by Jason Pominville.
1:12 of 2nd period - Stopped by Jacob Markstrom with a rebound.
1:38 of 2nd period - Slapshot by Joe Pavelski.
1:38 of 2nd period - Shot Blocked by Steven Stamkos.
2:14 of 2nd period - Joe Thornton is hit by D.J King and loses puck.
2:43 of 2nd period - Victor Hedman is hit by Cal Clutterbuck and loses puck.
3:02 of 2nd period - Penalty to Keith Aulie is over, Keith Aulie is back on ice.
3:15 of 2nd period - Snap shot by David Krejci.
3:15 of 2nd period - Stopped by Jacob Markstrom without a rebound.
3:16 of 2nd period - David Krejci wins face-off versus Ryan O'Reilly in Penguins zone.
3:27 of 2nd period - Blake Wheeler is hit by Dustin Brown and loses puck.
4:29 of 2nd period - Brent Burns is hit by Eric Gryba and loses puck.
4:36 of 2nd period - Wrist shot by Steven Stamkos.
4:36 of 2nd period - Shot Misses the Net.
4:38 of 2nd period - Slapshot by Steven Stamkos.
4:38 of 2nd period - Shot Misses the Net.
4:40 of 2nd period - Snap shot by T.J. Oshie.
4:40 of 2nd period - Shot Misses the Net.
4:42 of 2nd period - Snap shot by Derek Joslin.
4:42 of 2nd period - Shot Misses the Net.
4:53 of 2nd period - Snap shot by T.J. Oshie.
4:53 of 2nd period - Stopped by Tuukka Rask with a rebound.
5:03 of 2nd period - Slapshot by Duncan Keith.
5:03 of 2nd period - Stopped by Jacob Markstrom with a rebound.
5:05 of 2nd period - Slapshot by Duncan Keith.
5:05 of 2nd period - Stopped by Jacob Markstrom with a rebound.
5:07 of 2nd period - Snap shot by Joe Thornton.
5:07 of 2nd period - Deflect By Scott Parse.
5:07 of 2nd period - Shot Blocked by Eric Gryba.
5:07 of 2nd period - Puck is out of play.
5:08 of 2nd period - Ryan Getzlaf wins face-off versus Ryan O'Reilly in Penguins zone.
5:57 of 2nd period - Snap shot by Cal Clutterbuck.
5:57 of 2nd period - Stopped by Tuukka Rask without a rebound.
5:58 of 2nd period - Riley Sheahan wins face-off versus Jarrod Maidens in Capitals zone.
6:10 of 2nd period - Off-side.
6:11 of 2nd period - Joe Thornton wins face-off versus Ryan O'Reilly in neutral zone.
6:22 of 2nd period - Snap shot by Joe Thornton.
6:22 of 2nd period - Stopped by Jacob Markstrom with a rebound.
6:24 of 2nd period - Minor Penalty to David Booth for Roughing.
6:25 of 2nd period - Joe Thornton wins face-off versus Steven Stamkos in Penguins zone.
6:28 of 2nd period - Slapshot by Brent Burns.
6:28 of 2nd period - Shot Misses the Net.
8:24 of 2nd period - Penalty to David Booth is over, David Booth is back on ice.
8:47 of 2nd period - Wrist shot by Riley Sheahan.
8:47 of 2nd period - Shot Misses the Net.
8:57 of 2nd period - Slapshot by Victor Hedman.
8:57 of 2nd period - Shot Misses the Net.
9:56 of 2nd period - Major / Game Misconduct Penalty to David Booth for Head-butting.
9:56 of 2nd period - David Booth is ejected from game.
9:57 of 2nd period - Steven Stamkos wins face-off versus Ryan Getzlaf in Penguins zone.
9:57 of 2nd period - Steven Stamkos is hit by Ryan Getzlaf.
10:45 of 2nd period - Keith Aulie is hit by Joe Pavelski and loses puck.
11:11 of 2nd period - Off-side.
11:12 of 2nd period - Jamie Benn wins face-off versus Logan Couture in neutral zone.
11:15 of 2nd period - Slapshot by Brent Burns.
11:15 of 2nd period - Shot Blocked by Keith Aulie.
12:55 of 2nd period - Eric Gryba is hit by Joe Pavelski and loses puck.
13:30 of 2nd period - Ryan O'Reilly is hit by David Krejci and loses puck.
14:56 of 2nd period - Penalty to David Booth is over, Dustin Brown is send on ice.
15:05 of 2nd period - Slapshot by Paul Ranger.
15:05 of 2nd period - Stopped by Tuukka Rask with a rebound.
15:07 of 2nd period - Wrist shot by Marcus Foligno.
15:07 of 2nd period - Shot Blocked by Scott Parse.
15:09 of 2nd period - Snap shot by Riley Sheahan.
15:09 of 2nd period - Shot Misses the Net.
15:11 of 2nd period - Slapshot by Riley Sheahan.
15:11 of 2nd period - Shot Blocked by Scott Parse.
15:13 of 2nd period - Snap shot by Marcus Foligno.
15:13 of 2nd period - Shot Blocked by Joey Ryan.
15:15 of 2nd period - Slapshot by Derek Joslin.
15:15 of 2nd period - Stopped by Tuukka Rask without a rebound.
15:16 of 2nd period - Steven Stamkos wins face-off versus David Krejci in Capitals zone.
15:57 of 2nd period - Snap shot by Cal Clutterbuck.
15:57 of 2nd period - Stopped by Tuukka Rask without a rebound.
15:58 of 2nd period - Logan Couture wins face-off versus Joe Thornton in Capitals zone.
16:15 of 2nd period - Minor Penalty to Cal Clutterbuck for Elbowing.
16:16 of 2nd period - Ryan Getzlaf wins face-off versus Steven Stamkos in Penguins zone.
16:19 of 2nd period - Slapshot by Jamie Benn.
16:19 of 2nd period - Shot Blocked by Keith Aulie.
16:26 of 2nd period - Wrist shot by Brent Burns.
16:26 of 2nd period - Deflect By Joe Pavelski.
16:26 of 2nd period - Stopped by Jacob Markstrom without a rebound.
16:27 of 2nd period - Steven Stamkos wins face-off versus Joe Thornton in Penguins zone.
17:06 of 2nd period - Brent Burns is hit by Logan Couture and loses puck.
18:06 of 2nd period - Logan Couture is hit by Jason Pominville and loses puck.
18:15 of 2nd period - Penalty to Cal Clutterbuck is over, Cal Clutterbuck is back on ice.
18:29 of 2nd period - Wrist shot by Cal Clutterbuck.
18:29 of 2nd period - Deflect By Steven Stamkos.
18:29 of 2nd period - Stopped by Tuukka Rask without a rebound.
18:30 of 2nd period - Ryan O'Reilly wins face-off versus David Krejci in Capitals zone.
18:31 of 2nd period - Slapshot by Dustin Brown.
18:31 of 2nd period - Shot Misses the Net.
18:33 of 2nd period - Snap shot by Ryan O'Reilly.
18:33 of 2nd period - Stopped by Tuukka Rask with a rebound.
18:35 of 2nd period - Backhand shot by Eric Gryba.
18:35 of 2nd period - Shot Misses the Net.
18:37 of 2nd period - Slapshot by Mike Komisarek.
18:37 of 2nd period - Deflect By Joey Ryan.
18:37 of 2nd period - Stopped by Tuukka Rask with a rebound.
18:59 of 2nd period - Icing by Joe Thornton.
19:00 of 2nd period - Joe Thornton wins face-off versus Ryan O'Reilly in Capitals zone.
19:24 of 2nd period - Off-side.
19:25 of 2nd period - Ryan Getzlaf wins face-off versus Logan Couture in neutral zone.
19:42 of 2nd period - Brent Burns is hit by D.J King and loses puck.
19:53 of 2nd period - Wrist shot by D.J King.
19:53 of 2nd period - Shot Misses the Net.
19:55 of 2nd period - Snap shot by Cal Clutterbuck.
19:55 of 2nd period - Stopped by Tuukka Rask without a rebound.
19:56 of 2nd period - Joe Thornton wins face-off versus Steven Stamkos in Capitals zone.
Goals for this period are 0 for Capitals vs 0 for Penguins.
Shots for this period are 9 for Capitals vs 9 for Penguins.

3rd period


0:01 of 3rd period - Jason Pominville wins face-off versus Steven Stamkos in neutral zone.
0:26 of 3rd period - Slapshot by Dustin Brown.
0:26 of 3rd period - Stopped by Tuukka Rask without a rebound.
0:27 of 3rd period - Ryan O'Reilly wins face-off versus Ryan Getzlaf in Capitals zone.
0:59 of 3rd period - Snap shot by Joe Thornton.
0:59 of 3rd period - Stopped by Jacob Markstrom with a rebound.
1:00 of 3rd period - Minor Penalty to Matt Carle for Hooking.
1:01 of 3rd period - Joe Thornton wins face-off versus Steven Stamkos in Capitals zone.
2:49 of 3rd period - David Krejci is hit by Eric Gryba.
3:00 of 3rd period - Penalty to Matt Carle is over, Matt Carle is back on ice.
3:07 of 3rd period - Joe Thornton is hit by Marcus Foligno and loses puck.
3:26 of 3rd period - Derek Joslin is hit by Matt Carle and loses puck.
3:51 of 3rd period - Wrist shot by Marcus Foligno.
3:51 of 3rd period - Shot Misses the Net.
4:13 of 3rd period - Joe Thornton is hit by Keith Aulie.
6:10 of 3rd period - Slapshot by Brent Burns.
6:10 of 3rd period - Stopped by Jacob Markstrom with a rebound.
6:16 of 3rd period - Slapshot by Scott Parse.
6:16 of 3rd period - Shot Hit the Post.
7:57 of 3rd period - Matt Carle is hit by Cal Clutterbuck and loses puck.
8:01 of 3rd period - Icing by Matt Carle.
8:02 of 3rd period - David Krejci wins face-off versus Logan Couture in Capitals zone.
8:02 of 3rd period - David Krejci is hit by Cal Clutterbuck.
8:13 of 3rd period - Off-side.
8:14 of 3rd period - Ryan Getzlaf wins face-off versus Andrew Cogliano in neutral zone.
8:41 of 3rd period - Paul Ranger is hit by Blake Wheeler and loses puck.
8:49 of 3rd period - Snap shot by Logan Couture.
8:49 of 3rd period - Shot Misses the Net.
8:51 of 3rd period - Wrist shot by Keith Aulie.
8:51 of 3rd period - Shot Blocked by Blake Wheeler.
9:01 of 3rd period - Slapshot by Victor Hedman.
9:01 of 3rd period - Stopped by Jacob Markstrom without a rebound.
9:02 of 3rd period - Riley Sheahan wins face-off versus Vincent Dunn in Penguins zone.
9:32 of 3rd period - Ryan Getzlaf is hit by T.J. Oshie and loses puck.
9:47 of 3rd period - Slapshot by Brent Burns.
9:47 of 3rd period - Stopped by Jacob Markstrom with a rebound.
9:49 of 3rd period - Slapshot by Ondrej Palat.
9:49 of 3rd period - Shot Blocked by Mike Komisarek.
9:51 of 3rd period - Wrist shot by David Krejci.
9:51 of 3rd period - Shot Blocked by Mike Komisarek.
10:07 of 3rd period - Eric Gryba is hit by Joey Ryan.
10:31 of 3rd period - Mike Komisarek is hit by Dan Girardi and loses puck.
10:51 of 3rd period - Icing by Sean Zimmerman.
10:52 of 3rd period - David Krejci wins face-off versus Logan Couture in Penguins zone.
11:01 of 3rd period - Wrist shot by Blake Wheeler.
11:01 of 3rd period - Stopped by Jacob Markstrom without a rebound.
11:02 of 3rd period - Joe Thornton wins face-off versus Steven Stamkos in Penguins zone.
11:05 of 3rd period - Wrist shot by Mike Cammalleri.
11:05 of 3rd period - Goal by Mike Cammalleri - Capitals : 2 - Penguins : 1.
11:06 of 3rd period - Joe Thornton wins face-off versus Steven Stamkos in neutral zone.
11:23 of 3rd period - Steven Stamkos is hit by Joe Thornton and loses puck.
11:38 of 3rd period - Slapshot by Dustin Brown.
11:38 of 3rd period - Goal by Dustin Brown - Capitals : 2 - Penguins : 2.
11:39 of 3rd period - Steven Stamkos wins face-off versus Joe Thornton in neutral zone.
12:58 of 3rd period - Slapshot by Duncan Keith.
12:58 of 3rd period - Shot Misses the Net.
13:00 of 3rd period - Snap shot by David Krejci.
13:00 of 3rd period - Deflect By Ondrej Palat.
13:00 of 3rd period - Shot Misses the Net.
13:00 of 3rd period - Puck is out of play.
13:01 of 3rd period - Ryan O'Reilly wins face-off versus Ryan Getzlaf in Penguins zone.
13:06 of 3rd period - Wrist shot by Jamie Benn.
13:06 of 3rd period - Goal by Jamie Benn - Capitals : 3 - Penguins : 2.
13:07 of 3rd period - Joe Thornton wins face-off versus Steven Stamkos in neutral zone.
13:33 of 3rd period - Logan Couture is hit by Brent Burns and loses puck.
13:40 of 3rd period - Wrist shot by Jamie Benn.
13:40 of 3rd period - Deflect By Joe Pavelski.
13:40 of 3rd period - Stopped by Jacob Markstrom with a rebound.
13:42 of 3rd period - Slapshot by Victor Hedman.
13:42 of 3rd period - Stopped by Jacob Markstrom with a rebound.
13:44 of 3rd period - Wrist shot by Jamie Benn.
13:44 of 3rd period - Stopped by Jacob Markstrom with a rebound.
13:46 of 3rd period - Slapshot by Ryan Getzlaf.
13:46 of 3rd period - Goal by Ryan Getzlaf - Capitals : 4 - Penguins : 2.
13:47 of 3rd period - Andrew Cogliano wins face-off versus Joe Thornton in neutral zone.
14:02 of 3rd period - Wrist shot by T.J. Oshie.
14:02 of 3rd period - Goal by T.J. Oshie - Capitals : 4 - Penguins : 3.
14:03 of 3rd period - Steven Stamkos wins face-off versus Joe Thornton in neutral zone.
14:38 of 3rd period - Wrist shot by Dustin Brown.
14:38 of 3rd period - Stopped by Tuukka Rask without a rebound.
14:39 of 3rd period - Ryan O'Reilly wins face-off versus Joe Pavelski in Capitals zone.
14:42 of 3rd period - Wrist shot by Steven Stamkos.
14:42 of 3rd period - Stopped by Tuukka Rask without a rebound.
14:43 of 3rd period - Ryan O'Reilly wins face-off versus Ryan Getzlaf in Capitals zone.
14:46 of 3rd period - Slapshot by Steven Stamkos.
14:46 of 3rd period - Shot Misses the Net.
14:48 of 3rd period - Snap shot by Dustin Brown.
14:48 of 3rd period - Stopped by Tuukka Rask without a rebound.
14:49 of 3rd period - Ryan Getzlaf wins face-off versus Ryan O'Reilly in Capitals zone.
14:49 of 3rd period - Ryan Getzlaf is hit by Eric Gryba.
15:03 of 3rd period - Slapshot by Victor Hedman.
15:03 of 3rd period - Deflect By Joe Pavelski.
15:03 of 3rd period - Shot Misses the Net.
15:03 of 3rd period - Puck is out of play.
15:04 of 3rd period - Logan Couture wins face-off versus Joe Thornton in Penguins zone.
15:11 of 3rd period - Snap shot by D.J King.
15:11 of 3rd period - Stopped by Tuukka Rask with a rebound.
15:29 of 3rd period - Ondrej Palat is hit by Keith Aulie and loses puck.
16:20 of 3rd period - Wrist shot by Riley Sheahan.
16:20 of 3rd period - Shot Blocked by Mike Cammalleri.
17:20 of 3rd period - Backhand shot by Paul Ranger.
17:20 of 3rd period - Stopped by Tuukka Rask with a rebound.
17:22 of 3rd period - Slapshot by Derek Joslin.
17:22 of 3rd period - Shot Misses the Net.
17:24 of 3rd period - Slapshot by Keith Aulie.
17:24 of 3rd period - Deflect By Marcus Foligno.
17:24 of 3rd period - Shot Misses the Net.
17:24 of 3rd period - Puck is out of play.
17:25 of 3rd period - Logan Couture wins face-off versus Ryan Getzlaf in Capitals zone.
17:26 of 3rd period - Wrist shot by D.J King.
17:26 of 3rd period - Shot Misses the Net.
17:55 of 3rd period - Snap shot by Jamie Benn.
17:55 of 3rd period - Shot Misses the Net.
18:03 of 3rd period - Duncan Keith is hit by Steven Stamkos and loses puck.
19:08 of 3rd period - Martin St. Louis is hit by Joe Thornton and loses puck.
19:18 of 3rd period - Off-side.
19:19 of 3rd period - Guy Boucher call a timeout for Penguins.
19:19 of 3rd period - Joe Thornton wins face-off versus Martin St. Louis in neutral zone.
19:24 of 3rd period - Backhand shot by Joe Thornton.
19:24 of 3rd period - Stopped by Jacob Markstrom without a rebound.
19:25 of 3rd period - Joe Thornton wins face-off versus Steven Stamkos in Penguins zone.
19:28 of 3rd period - Wrist shot by Joe Thornton.
19:28 of 3rd period - Deflect By Jason Pominville.
19:28 of 3rd period - Stopped by Jacob Markstrom without a rebound.
19:29 of 3rd period - Steven Stamkos wins face-off versus Joe Thornton in Penguins zone.
19:31 of 3rd period - Minor Penalty to Martin St. Louis for Hooking.
19:32 of 3rd period - Steven Stamkos wins face-off versus Joe Thornton in Penguins zone.
Goals for this period are 3 for Capitals vs 2 for Penguins.
Shots for this period are 13 for Capitals vs 8 for Penguins.